 Dungeon Crawl Stone Soup version 0.17-a0-2055-gb4e23be (webtiles) character file.

88 Ijustatesigmund the Sneak (level 4, 0/27 HPs)
             Began as an Octopode Wizard on Oct 11, 2015.
             Succumbed to a worker ant's poison
             ... on level 3 of the Dungeon.
             The game lasted 00:09:09 (2220 turns).

Ijustatesigmund the Sneak (Octopode Wizard)         Turns: 2220, Time: 00:09:09

Health: 0/27       AC:  1    Str:  2 (6)  XL:     4   Next: 53%
Magic:  6/8        EV: 15    Int: 21      God:
Gold:   108        SH:  0    Dex: 10      Spells: 3 memorised, 3 levels left

rFire  . . .     SeeInvis .     d - +2 dagger (freeze)
rCold  . . .     Clarity  .     (no shield)
rNeg   . . .     SustAt   .     a - +0 hat
rPois  .         Gourm    .     (no amulet)
rElec  .         Spirit   .     (no ring)
rCorr  .         Warding  .     j - +3 ring of evasion
rMut   .         Stasis   .     (no ring)
MR     .....                    (no ring)
Stlth  +++.......               (no ring)
                                (no ring)
                                (no ring)
                                (no ring)

@: lethally poisoned (0 -> -4), not resistant to hostile enchantments, fairly
stealthy
A: almost no armour, amphibious, 8 rings, constrict 8, camouflage 1, gelatinous
body 1
a: no special abilities


You were on level 3 of the Dungeon.
You were hungry.

You visited 1 branch of the dungeon, and saw 3 of its levels.

You collected 108 gold pieces.

Inventory:

Hand Weapons
 d - a +2 dagger of freezing (weapon)
 i - a +3 hunting sling of flaming
Armour
 a - a +0 hat (worn)
Jewellery
 j - a +3 ring of evasion (right tentacle)
Scrolls
 e - a scroll of identify
 h - a scroll of remove curse
Books
 b - a book of Minor Magic

   Spells                             Type                      Level
   a - Magic Dart                     Conjuration                  1
   b - Blink                          Translocation                2
   c - Call Imp                       Summoning                    2
   d - Repel Missiles                 Charms/Air                   2
   e - Slow                           Hexes                        2
   f - Conjure Flame                  Conjuration/Fire             3
   g - Mephitic Cloud                 Conjuration/Poison/Air       3
Comestibles
 c - 3 bread rations
 g - 8 fruits


   Skills:
 - Level 1.1 Short Blades
 - Level 2.0 Dodging
 - Level 3.5 Stealth
 - Level 3.0 Spellcasting
 + Level 2.2 Conjurations
   Level 1.0 Summonings
 + Level 1.8 Translocations
 + Level 1.1 Air Magic
 + Level 1.6 Poison Magic


You had 3 spell levels left.
You knew the following spells:

 Your Spells              Type           Power        Failure   Level  Hunger
a - Magic Dart            Conj           ##..         6%          1    None
b - Blink                 Tloc           N/A          12%         2    ##.....
c - Mephitic Cloud        Conj/Pois/Air  ##......     24%         3    ###....


Dungeon Overview and Level Annotations

Branches:
Dungeon (3/15)

Altars:


Innate Abilities, Weirdness & Mutations

You cannot wear most types of armour.
You are amphibious.
You can wear up to eight rings at the same time.
You can use your tentacles to constrict eight enemies at once.
Your skin changes colour to match your surroundings (Stealth).
Your rubbery body absorbs attacks (AC +1).


Message History

You feel sick.
* * * LOW HITPOINT WARNING * * *
You feel sick.
* * * LOW HITPOINT WARNING * * *
You feel sick.
* * * LOW HITPOINT WARNING * * *
You feel sick.
* * * LOW HITPOINT WARNING * * *
You feel sick.
* * * LOW HITPOINT WARNING * * *
You feel sick.
* * * LOW HITPOINT WARNING * * *
You feel sick.
* * * LOW HITPOINT WARNING * * *
You feel sick.
* * * LOW HITPOINT WARNING * * *
You feel sick.
* * * LOW HITPOINT WARNING * * *
You feel sick.
You die...

### ...#### ..$....
....... .J.....
.......###########...
.......<.†...@.......
.?#####.##########...
#.# #.# #.# #.# #.#
..#


There were no monsters in sight!

Vanquished Creatures
  A worker ant (D:3)
  A gnoll (D:2)
  2 adders (D:2)
  5 bats (D:1)
  4 hobgoblins
  A ball python (D:1)
  3 giant cockroaches
  A giant newt (D:1)
  7 goblins
  5 jackals (D:1)
  5 kobolds
  5 rats (D:1)
40 creatures vanquished.

Notes
Turn   | Place    | Note
--------------------------------------------------------------
     0 | D:1      | Ijustatesigmund the Octopode Wizard began the quest for the Orb.
     0 | D:1      | Reached XP level 1. HP: 11/11 MP: 4/4
   251 | D:1      | Reached XP level 2. HP: 3/17 MP: 4/6
   255 | D:1      | Learned a level 2 spell: Blink
   809 | D:1      | Reached skill level 1 in Short Blades
   856 | D:1      | Reached XP level 3. HP: 21/21 MP: 7/7
   862 | D:1      | Learned a level 3 spell: Mephitic Cloud
  1537 | D:2      | Reached skill level 1 in Poison Magic
  1758 | D:2      | HP: 1/21 [poisoned by an adder]
  1864 | D:2      | Reached XP level 4. HP: 27/27 MP: 2/8
  2200 | D:3      | Reached skill level 1 in Air Magic
  2217 | D:3      | HP: 1/27 [poisoned by a worker ant]
  2220 | D:3      | Succumbed to a worker ant's poison

Vault maps used:
D:1:      dpeg_arrival_rooms_a, minmay_shallow_snake_nest
D:2:      wad_lake_hut, kennysheep_generic_room_5
D:3:      first_bread

Action                   |  1- 3 |  4- 6 || total
-------------------------+-------+-------++-------
Melee: Dagger            |    64 |    13 ||    77
 Cast: Magic Dart        |    20 |     5 ||    25
       Mephitic Cloud    |     1 |       ||     1
  Use: Scroll            |     8 |       ||     8
       Potion            |     4 |       ||     4
 Stab: Sleeping          |     5 |     2 ||     7
  Eat: Fruit             |     1 |       ||     1
       Pizza             |     1 |       ||     1
       Chunk             |     1 |       ||     1
